 Dungeon Crawl Stone Soup version 0.20.1-1-g8b1a95d (webtiles) character file.

204 dvd the Chiller (level 5, 0/40 HPs)
             Began as a Centaur Ice Elementalist on Oct 16, 2017.
             Slain by an adder (4 damage)
             ... on level 2 of the Dungeon.
             The game lasted 00:08:05 (3730 turns).

dvd the Chiller (Centaur Ice Elementalist)          Turns: 3730, Time: 00:08:06

Health: 0/40       AC:  9    Str: 11    XL:     5   Next: 52%
Magic:  1/8        EV: 10    Int: 14    God:
Gold:   71         SH:  0    Dex: 10    Spells: 2/8 levels left

rFire    . . .     SeeInvis .   g - +0 mace
rCold    . . .     Gourm    .   (no shield)
rNeg     . . .     Faith    .   a - +0 robe
rPois    .         Spirit   .   (no helmet)
rElec    .         Reflect  .   (no cloak)
rCorr    .         Harm     .   (no gloves)
MR       .....                  (no barding)
Stlth    +.........             (no amulet)
Regen    0.2/turn               (no ring)
MPRegen  0.2/turn               (no ring)

@: icy armour, quick
A: hooves 3, deformed body, speed 2, tough skin 3
a: no special abilities


You were on level 2 of the Dungeon.
You were not hungry.

You visited 1 branch of the dungeon, and saw 2 of its levels.

You collected 71 gold pieces.

Inventory:

Hand Weapons
 g - a +0 mace (weapon)
Missiles
 j - 8 tomahawks (quivered)
Armour
 a - a +0 robe (worn)
Scrolls
 f - a scroll of noise {unknown}
 h - a scroll of enchant weapon {unknown}
 i - a scroll of remove curse {unknown}
 k - 5 scrolls of identify {unknown}
 l - 2 scrolls of recharging {unknown}
 m - 2 scrolls of teleportation {unknown}
 q - a scroll of immolation {unknown}
Potions
 d - a potion of flight {unknown}
 e - 3 potions of brilliance {unknown}
 n - 2 potions of heal wounds {unknown}
Books
 b - a book of Frost

   Spells                             Type                      Level
   a - Freeze                         Ice                          1
   b - Throw Frost                    Conjuration/Ice              2
   c - Ozocubu's Armour               Charms/Ice                   3
   d - Throw Icicle                   Conjuration/Ice              4
   e - Summon Ice Beast               Ice/Summoning                4
Comestibles
 c - 3 bread rations
 o - 3 meat rations
 p - a chunk of flesh


   Skills:
 + Level 1.2 Fighting
 + Level 1.5 Maces & Flails
 + Level 1.8 Dodging
 + Level 1.4 Stealth
 + Level 2.4 Spellcasting
 + Level 1.1 Conjurations
 + Level 4.1 Ice Magic


You had 2 spell levels left.
You knew the following spells:

 Your Spells              Type           Power        Failure   Level  Hunger
a - Freeze                Ice            ##..         4%          1    #......
b - Throw Frost           Conj/Ice       #.....       12%         2    ###....
c - Ozocubu's Armour      Chrm/Ice       #.......     28%         3    ###....


Dungeon Overview and Level Annotations

Branches:
Dungeon (2/15)

Altars:
Gozag

Annotations:
D:2 Jessica


Innate Abilities, Weirdness & Mutations

You have hooves in place of feet.
Armour fits poorly on your strangely shaped body.
You cover ground very quickly.
You have extremely tough skin. (AC +3)


Message History

The adder closely misses you.
You hit the gnoll.
The gnoll is almost dead.
The adder closely misses you. The gnoll hits you with a whip!
* * * LOW HITPOINT WARNING * * *
The adder closely misses you. The gnoll hits you with a whip!
* * * LOW HITPOINT WARNING * * *
You barely miss the gnoll.
The gnoll is almost dead.
The adder barely misses you. The gnoll hits you but does no damage.
Unknown command.
Casting: Freeze
Confirm with . or Enter, or press ? or * to list all spells.
Aiming: Freeze
Press: ? - help, Shift-Dir - straight line, f - adder, p - gnoll
Aim: an adder You freeze the adder.
The adder seems to slow down.
The adder is moderately wounded.
The adder bites you.
You die...

.# #...............# .#
#.#############.# .#
#.# #.# .#### #.# #.#
....# #_# ####.####
###.# #.# #.......# #
#.# #.# #.#####.# # #.#
####.########## #.# #
#.# #...Sg@S...... #.#
#
#.#######.##.##########
#.# # #...)........#
#.#####)#
###########.####
#.......# .####... #.#
####.#.## ......# #.#
#.#.# ####### #.#
########...# # #g#
#..>.<...### # #l#
#.######.#


You could see a gnoll and 2 adders.

Vanquished Creatures
  Terence (D:2)
  6 gnolls
  5 adders
  An ooze (D:1)
  2 worms (D:2)
  3 dart slugs
  A leopard gecko (D:2)
  3 ball pythons
  3 giant cockroaches (D:1)
  9 hobgoblins
  6 jackals
  7 bats
  6 frilled lizards
  5 goblins
  5 kobolds
  4 rats
67 creatures vanquished.

Notes
Turn   | Place    | Note
-------+----------+-------------------------------------------
     0 | D:1      | dvd the Centaur Ice Elementalist began the quest for the Orb.
     0 | D:1      | Reached XP level 1. HP: 14/14 MP: 3/3
   422 | D:1      | Reached skill level 3 in Ice Magic
   541 | D:1      | Reached XP level 2. HP: 18/20 MP: 2/4
   646 | D:1      | Learned a level 2 spell: Throw Frost
  1267 | D:1      | Reached skill level 1 in Fighting
  1267 | D:1      | Reached XP level 3. HP: 12/28 MP: 1/5
  1480 | D:1      | Reached skill level 1 in Conjurations
  1751 | D:2      | Found an opulent altar of Gozag.
  2027 | D:2      | Noticed Terence
  2179 | D:2      | Reached XP level 4. HP: 34/35 MP: 6/6
  2208 | D:2      | Killed Terence
  2372 | D:1      | Learned a level 3 spell: Ozocubu's Armour
  2726 | D:2      | Reached skill level 1 in Maces & Flails
  2869 | D:2      | Noticed Jessica
  2896 | D:2      | Reached XP level 5. HP: 39/40 MP: 0/8
  2966 | D:2      | Reached skill level 4 in Ice Magic
  3295 | D:1      | HP: 2/40 [poisoned by an adder]
  3730 | D:2      | Slain by an adder

Skill      XL: |  1  2  3  4  5 |
---------------+----------------+-----
Ice Magic      | 3 4 |  4.1
Fighting       | 1 |  1.2
Conjurations   | 1 |  1.1
Spellcasting   | 2 |  2.4
Maces & Flails | 1 |  1.5
Dodging        | |  1.8
Stealth        | |  1.4

Action                   |  1- 3 |  4- 6 || total
-------------------------+-------+-------++-------
Melee: Mace              |    45 |    96 ||   141
       Unarmed           |     4 |       ||     4
       Kick              |    13 |    14 ||    27
 Cast: Freeze            |    36 |    37 ||    73
       Throw Frost       |     8 |     2 ||    10
       Ozocubu's Armour  |       |     5 ||     5
  Eat: Chunk             |     5 |     7 ||    12
Armor: Robe              |    30 |    67 ||    97
Dodge: Dodged            |    36 |    90 ||   126
